[Event "TUR-ch U13-18 Open 2023"]
[Site "Antalya"]
[Date "2023.01.25"]
[Round "6"]
[White "Sozat, Arda"]
[Black "Cicek, Bilal Emre"]
[Result "0-1"]
[ECO "B45"]
[WhiteElo "1877"]
[BlackElo "1538"]
[Annotator "NA RC COMBH"]
[PlyCount "146"]
[EventDate "2023.01.17"]
[EventType "swiss"]
[EventCountry "TUR"]
[SourceTitle "playchess.com"]
[Source "ChessBase"]
[SourceQuality "1"]
[TimeControl "5400+30"]

1. e4 c5 2. Nf3 e6 3. d4 cxd4 4. Nxd4 Nf6 5. Nc3 Nc6 6. Nxc6 bxc6 7. e5 Nd5 8. Ne4 Bb7 9. c4 Nb4 10. f4 c5 11. Bd3 Nxd3+ 12. Qxd3 Qc7 13. Be3 Qc6 14. Nd2 d5 15. exd6 Bxd6 16. O-O-O Rd8 17. Nf3 Bc7 18. Qc3 O-O 19. Ne5 Bxe5 ({Of course not} 19... Qxg2 $6 20. Rhg1 Bxe5 21. Qxe5 Rxd1+ 22. Kxd1 Qf3+ 23. Kc1 $14) 20. Qxe5 Qa4 $15 (20... Qxg2 $2 21. Rdg1 $18 {[%mdl 64] Skewer} (21. Bxc5 Rfe8 $15)) 21. b3 Qxa2 22. Bxc5 Qxb3 23. Bxf8 Qxc4+ 24. Kb2 Rxf8 25. Rd4 Qc6 26. Rd2 Qb6+ 27. Ka1 Bd5 28. Rb2 Qa6+ 29. Kb1 Qd3+ 30. Ka1 Qa3+ 31. Kb1 a5 32. Rd1 Qa4 33. Rd4 Qc6 34. Rb8 Qc5 35. Rxf8+ Kxf8 36. Qb8+ Ke7 37. Qb2 Bxg2 38. Rd1 Be4+ 39. Ka1 Bd5 40. Rc1 Qd6 41. Re1 Qb4 42. Qxb4+ axb4 43. Kb2 Kf6 44. Rf1 Kf5 45. Kc2 f6 46. Kd3 g5 47. Ke3 g4 48. Rf2 h5 49. Rb2 b3 50. Rb1 h4 51. Rb2 g3 52. h3 g2 53. Rb1 Be4 54. Rg1 b2 55. Kf2 b1=Q 56. Rxb1 Bxb1 57. Kxg2 Kxf4 58. Kh2 e5 59. Kh1 e4 60. Kg1 e3 61. Kf1 Kf3 62. Ke1 Bc2 63. Kf1 e2+ 64. Ke1 Bf5 65. Kd2 Kf2 66. Kc3 e1=Q+ 67. Kd4 Qe5+ 68. Kc4 Ke3 69. Kb3 Kd3 70. Ka4 Qb8 71. Ka5 Bc8 72. Ka4 Kc4 73. Ka3 Qb3# 0-1

[Event "TUR-ch U13-18 Open 2023"]
[Site "Antalya"]
[Date "2023.01.25"]
[Round "6"]
[White "Dirikolu, Deniz"]
[Black "Tezcan, Alper"]
[Result "1/2-1/2"]
[ECO "C12"]
[WhiteElo "1868"]
[BlackElo "1568"]
[Annotator "NA RC COMBH"]
[PlyCount "53"]
[EventDate "2023.01.17"]
[EventType "swiss"]
[EventCountry "TUR"]
[SourceTitle "playchess.com"]
[Source "ChessBase"]
[SourceQuality "1"]
[TimeControl "5400+30"]

1. e4 e6 2. d4 d5 3. Nc3 Nf6 4. Bg5 Bb4 5. e5 h6 6. Be3 Ne4 7. a3 Bxc3+ 8. bxc3 c5 9. Bd3 Qa5 10. Ne2 cxd4 11. Bxd4 Nc5 12. O-O Nc6 13. f4 g6 14. Kh1 (14. Bf2 $1 $14) 14... Bd7 (14... Nxd4 $1 $15 15. Nxd4 (15. cxd4 Nxd3 16. cxd3 Bd7 $15) 15... O-O) 15. Rb1 (15. Bf2 $11) 15... Nxd3 16. Qxd3 b6 17. g4 Rc8 18. Rf3 Qxa3 19. f5 g5 20. Rbf1 Kd8 21. fxe6 Bxe6 22. Rxf7 Bxf7 $15 23. e6 (23. Rxf7 $5 Rc7 24. Rf6 $17 (24. Bxb6 $2 axb6 25. Qxd5+ Kc8 $19)) 23... Bxe6 24. Bxh8 Kd7 25. Bf6 Rf8 26. Qh7+ Kc8 27. Qxh6 1/2-1/2

[Event "TUR-ch U13-18 Open 2023"]
[Site "Antalya"]
[Date "2023.01.25"]
[Round "6"]
[White "Eroz, Enis"]
[Black "Ince, Taylan Ruzgar"]
[Result "0-1"]
[ECO "D87"]
[WhiteElo "1827"]
[BlackElo "2267"]
[Annotator "TA"]
[PlyCount "103"]
[EventDate "2023.01.17"]
[EventType "swiss"]
[EventCountry "TUR"]
[SourceTitle "playchess.com"]
[Source "ChessBase"]
[SourceQuality "1"]
[TimeControl "5400+30"]

1. d4 Nf6 2. c4 g6 3. Nc3 d5 4. cxd5 Nxd5 5. e4 Nxc3 6. bxc3 Bg7 7. Bc4 c5 8. Ne2 O-O 9. O-O Nc6 10. Be3 Na5 {[%emt 0:03:30] 10...Bg4 is setting a new trend.} 11. Bd3 b6 12. Rc1 e5 {[%emt 0:07:30] [#] D87: Exchange Grünfeld: Classical Line: Variations without ...cxd4.} 13. f4 $146 ({Predecessor:} 13. dxe5 Be6 14. c4 Qd7 15. Nf4 Bxe5 16. Nd5 Nc6 17. f4 Bxd5 18. cxd5 Bd4 19. Qd2 Bxe3+ 20. Qxe3 {1-0 Salem,A (2682)-Kamsky,G (2665) Djerba Blitz Masters KO 2020 (3.3)}) 13... cxd4 14. cxd4 exf4 ({Black should try} 14... exd4 $15 15. Bd2 Bb7) 15. Rxf4 $11 Bh6 16. Rf3 Bxe3+ 17. Rxe3 Bg4 18. Bb1 Rc8 19. Rxc8 Qxc8 20. h3 Bxe2 21. Rxe2 Rd8 {[%emt 0:00:30] And now ...Qc5 would win.} 22. Rc2 {[%emt 0:09:30] Against Qc5} Qe6 23. Qd3 Qf6 24. d5 Qe5 {[%emt 0:07:30] Prevents Rc7} 25. Rc1 Nb7 26. Qc3 {[%emt 0:00:30] Against Nc5} Qxc3 27. Rxc3 {[%emt 0:00:30][%mdl 4096] Endgame KRB-KRN} Nc5 28. Kf2 Kf8 29. Ke3 Ke7 30. g4 f6 31. Bc2 g5 32. Ra3 a6 33. Rc3 Kd6 34. Kd4 Rc8 35. Bd3 Rc7 36. Be2 Re7 {[%emt 0:02:29][%csl Gc5][%cal Re7e4] [#]} 37. Bf3 (37. Re3 $5 ) 37... Re8 38. Bg2 Rc8 39. Bf1 Re8 40. Bg2 Re7 41. Bf3 Rc7 42. Be2 b5 43. a3 Nd7 44. Rf3 (44. Rxc7 $11 Kxc7 45. Kc3) 44... Rc2 $17 45. Bf1 Ke7 (45... Rc1 $17) 46. Bd3 Ra2 {[%emt 0:00:30] [#] aiming for ...Ne5.} 47. Bf1 Ne5 48. Rb3 Kd6 {[%emt 0:00:58] Black is better.} 49. Rc3 Rf2 50. Rc1 Rf3 51. Ra1 Rb3 {[%emt 0:00:43][%cal Re5f3] Black is much more active.} 52. a4 $2 {[%emt 0:00:51][%mdl 8192] Weighted Error Value: White=0.13 (very precise) /Black=0.08 (flawless)} (52. Be2 $17) 0-1

[Event "TUR-ch U13-18 Open 2023"]
[Site "Antalya"]
[Date "2023.01.25"]
[Round "6"]
[White "Kara, Goktan Can"]
[Black "Koyuncu, Omer Arda"]
[Result "1-0"]
[ECO "B28"]
[WhiteElo "1755"]
[BlackElo "1627"]
[Annotator "NA RC COMBH"]
[PlyCount "82"]
[EventDate "2023.01.17"]
[EventType "swiss"]
[EventCountry "TUR"]
[SourceTitle "playchess.com"]
[Source "ChessBase"]
[SourceQuality "1"]
[TimeControl "5400+30"]

1. e4 c5 2. Nf3 Nc6 3. c4 e6 4. Nc3 a6 5. d4 cxd4 6. Nxd4 Nf6 7. Nxc6 dxc6 8. Qxd8+ Kxd8 9. Bg5 e5 10. O-O-O+ Kc7 11. h3 Bb4 12. Bd3 Nd7 13. Bd2 a5 14. Rhf1 Nc5 15. Bc2 Ne6 16. a3 Bxc3 17. Bxc3 f6 18. g3 Ng5 19. f4 exf4 20. gxf4 Nxh3 21. e5 Bg4 22. exf6 gxf6 23. Rd2 Raf8 24. Bxa5+ b6 25. Bc3 h5 26. Rh2 Re8 27. Bd3 Re3 28. Bxf6 Rf8 29. Be5+ Kb7 30. Kd2 Rg3 31. Kc2 Rd8 32. Be4 Re3 33. Bg6 Rf8 34. Rhh1 Re2+ 35. Kb1 Ka6 36. c5 b5 37. Bd6 Rh8 38. f5 Ng5 39. f6 Ne6 40. f7 Nf8 41. Bxh5 Be6 1-0

[Event "TUR-ch U13-18 Open 2023"]
[Site "Antalya"]
[Date "2023.01.25"]
[Round "6"]
[White "Dolek, Gokalp Deniz"]
[Black "Ergin, Sahin"]
[Result "1/2-1/2"]
[ECO "B90"]
[WhiteElo "1740"]
[BlackElo "1878"]
[Annotator "NA RC COMBH"]
[PlyCount "81"]
[EventDate "2023.01.17"]
[EventType "swiss"]
[EventCountry "TUR"]
[SourceTitle "playchess.com"]
[Source "ChessBase"]
[SourceQuality "1"]
[TimeControl "5400+30"]

1. e4 c5 2. Nf3 d6 3. d4 cxd4 4. Nxd4 Nf6 5. Nc3 a6 6. h3 e5 {[%emt 0:02:00] The main line 6...e5 scores better than 6...e6.} 7. Nde2 Be7 8. g4 h6 9. Bg2 Be6 10. O-O Nbd7 11. Ng3 O-O 12. Be3 Nb6 13. Nf5 Bxf5 (13... Nc4 $11) 14. exf5 Qc7 15. Qf3 Rab8 {[%emt 0:03:30] [#]} 16. h4 $146 ({Predecessor:} 16. Qg3 Nc4 17. Bc1 Qd8 18. b3 Na5 19. Rd1 Nc6 20. Ne2 Rc8 21. c4 b5 22. c5 {½-½ Pavlicek,M (2316)-Grebenshchikov,A (2337) RCCA-ch 20 sf05 email 2014}) 16... Nh7 17. Qg3 Qd8 18. Bxb6 Qxb6 19. Nd5 Qd8 20. h5 Nf6 21. Rad1 Nxd5 22. Rxd5 Rc8 23. Qd3 $11 b5 24. f6 Bxf6 25. Rxd6 Qc7 26. Rc6 Qa5 27. Rxc8 Rxc8 28. a3 Qa4 29. Be4 Rd8 30. Qf3 Qd4 31. b3 Qb2 32. Rd1 Qxa3 33. Rxd8+ Bxd8 34. Qf5 Qc1+ 35. Kg2 Qf4 36. Qxf4 exf4 37. Kf3 Bb6 38. Bb7 a5 39. Bc6 b4 40. Kxf4 Bxf2 41. Kf5 1/2-1/2

[Event "TUR-ch U13-18 Open 2023"]
[Site "Antalya"]
[Date "2023.01.25"]
[Round "6"]
[White "Sevig, Mert Can"]
[Black "Durucay, Uygar"]
[Result "0-1"]
[ECO "D02"]
[WhiteElo "1738"]
[BlackElo "1926"]
[Annotator "TA"]
[PlyCount "85"]
[EventDate "2023.01.17"]
[EventType "swiss"]
[EventCountry "TUR"]
[SourceTitle "playchess.com"]
[Source "ChessBase"]
[SourceQuality "1"]
[TimeControl "5400+30"]

1. d4 Nf6 2. Bf4 d5 3. Nf3 c6 4. e3 Bf5 5. c3 e6 6. Nbd2 Bd6 {[%emt 0:00:00] D02: 1 d4 d5 2 Nf3 sidelines, including 2...Nf6 3 g3 and 2...Nf6 3 Bf4.} 7. Bg3 O-O 8. Nh4 Bg6 {[%emt 0:03:30] The position is equal.} 9. Nxg6 hxg6 10. Bd3 Qc7 {[%emt 0:00:00] [#]} 11. c4 $146 ({Predecessor:} 11. Qc2 Nbd7 12. Nf3 e5 13. Be2 exd4 14. cxd4 Qa5+ 15. Qc3 Bb4 16. Kd2 Bxc3+ 17. bxc3 Ne4+ 18. Ke1 Qxc3+ 19. Kf1 Qxa1+ 20. Ne1 {0-1 Sotoude Nia,M (1443)-Emami,D IRI-ch U14 Chess.com INT 2021 (4)}) 11... Nbd7 12. Bxd6 (12. Rc1 {seems wilder.} Bxg3 13. hxg3 e5 14. cxd5 exd4 15. exd4 Nxd5 16. Qg4) 12... Qxd6 13. c5 Qe7 14. f4 (14. b4 {deserves consideration.}) 14... b6 15. b4 a5 16. a3 axb4 17. axb4 Rxa1 18. Qxa1 Ng4 19. Ke2 {[%emt 0:06:00] [#]} e5 $1 {[%emt 0:02:30][%mdl 64] Deflection} 20. fxe5 Qg5 (20... f6 $5 21. e6 (21. Bxg6 $2 {is the wrong capture.} fxe5 22. Rf1 bxc5 $19) 21... Qxe6 $17) 21. Qg1 {[%emt 0:01:30] aiming for Nf3.} bxc5 (21... Nxe3 $2 22. Nf3 Qh5 23. Qxe3 $18) (21... Ra8 $1 $11) 22. bxc5 (22. Nf3 $14 Qe7 23. bxc5 (23. dxc5 $2 {perishes.} Ra8 $19)) 22... Ra8 $11 (22... Nxe3 $2 23. Nf3 Qxg2+ 24. Kxe3 $18) 23. h3 $1 $132 {[%emt 0:01:30][%mdl 2048] [#] White puts up resistance} Nxe3 {[%emt 0:05:30][%mdl 64] Deflection} 24. h4 Qg3 {[%emt 0:00:00] Dancing on a razor blade.} (24... Qxg2+ $2 25. Kxe3 Qxg1+ 26. Rxg1 $18) 25. Rh3 $2 {[%emt 0:04:30] This costs White the game.} (25. Qf2 $11 {and White has nothing to worry.} Qxg2 26. Qxg2 Nxg2 27. Kf3) 25... Qxg2+ $19 26. Qxg2 Nxg2 {[%emt 0:00:30] Excellent horsemanship.} 27. Kf3 {[%emt 0:00:30] Repels Nf4} Ra2 $1 28. Kxg2 Rxd2+ {[%emt 0:00:30][%mdl 4096] Endgame KRB-KRN} 29. Kf1 {[%emt 0:00:30] [#]} Nf8 $1 30. h5 (30. Ba6 $142) 30... gxh5 31. Ke1 Ra2 32. Rxh5 g6 {[%emt 0:00:30] Dodges Bf5} 33. Rh4 Ne6 {[%emt 0:00:30] White must now prevent ...Ra4.} 34. Rg4 (34. Be2 {was worth a try.}) 34... Ra4 35. Bf5 (35. Bc2 $142 Rxd4 36. Rxd4 Nxd4 37. Bd1) 35... Nxd4 {[%emt 0:00:30] ...Nf3+ would be deadly.} (35... Rxd4 $2 36. Bxe6 Rd3 37. Rxg6+ Kf8 38. Rf6 $18) 36. Bd7 Nf3+ 37. Kf2 Rxg4 ({Worse is} 37... Nxe5 38. Rxa4 Nxd7 39. Ra8+ Kg7 40. Ke3 $17) 38. Bxg4 Nxe5 {[%emt 0:00:00] KB-KN} 39. Bc8 Nd3+ (39... Kg7 $142 40. Ba6 f5 41. Be2 Kf6 42. Ke1 g5 43. Kf1 Nd7 44. Kg2 Nxc5 45. Bh5 Ne4 46. Kh2 c5 47. Be2 c4 48. Kg2 Ke5 49. Kf1 g4 50. Ke1 c3 51. Kd1 f4 52. Kc2 g3 53. Bf3 Nd2 54. Bh1 Kd4 55. Bg2 f3 56. Bxf3 Nxf3 57. Kb3 g2 58. Ka4 g1=Q 59. Kb5 Qg6 60. Ka4 Kc4 61. Ka5 Nd4 62. Ka4 Qa6#) 40. Ke3 {[%emt 0:00:30] Black is clearly winning.} Nxc5 41. Kd4 Ne6+ 42. Ke5 d4 {[%emt 0:00:00] ( -> ...d3)} 43. Ke4 {[%emt 0:00:00] Weighted Error Value: White=0.62/Black=0.33} 0-1

[Event "TUR-ch U13-18 Open 2023"]
[Site "Antalya"]
[Date "2023.01.25"]
[Round "6"]
[White "Kolat, Ata"]
[Black "Simsek, Suat Can"]
[Result "1-0"]
[ECO "D02"]
[WhiteElo "1732"]
[BlackElo "1761"]
[Annotator "NA RC COMBH"]
[PlyCount "103"]
[EventDate "2023.01.17"]
[EventType "swiss"]
[EventCountry "TUR"]
[SourceTitle "playchess.com"]
[Source "ChessBase"]
[SourceQuality "1"]
[TimeControl "5400+30"]

1. d4 Nf6 2. Bf4 d5 3. e3 c5 4. c3 Nc6 5. Nf3 Qb6 6. Qb3 c4 7. Qc2 Bf5 8. Qc1 e6 9. Nbd2 Be7 10. Be2 h6 11. h3 O-O 12. O-O Rfc8 13. Bd1 Qd8 14. Bc2 Bd6 15. Bxd6 Qxd6 16. Re1 b5 17. e4 dxe4 18. Nxe4 Nxe4 19. Bxe4 Bxe4 20. Rxe4 Ne7 21. Ne5 Nd5 22. Rg4 Nf6 23. Rh4 Qe7 24. Qe3 Nd5 25. Qg3 Kh7 26. Re1 Rg8 27. Nf3 g5 28. Rhe4 Nf6 29. Re5 Nh5 30. Qh2 Qf6 31. Rxb5 Nf4 32. Ne5 a6 33. Rb7 Rg7 34. Qg3 h5 35. Qf3 Rag8 36. Re4 Qf5 37. g4 Qf6 38. gxh5 Qf5 39. Kh2 f6 40. Rxg7+ Rxg7 41. Ng4 Rb7 42. Re5 fxe5 43. Qxb7+ Kh8 44. Qc8+ Kh7 45. Qd7+ Kh8 46. Qd8+ Kg7 47. h6+ Kh7 48. Qe7+ Kg6 49. Qe8+ Kh7 50. Qe7+ Kg6 51. h7 Nxh3 52. Qf6+ 1-0

[Event "TUR-ch U13-18 Open 2023"]
[Site "Antalya"]
[Date "2023.01.25"]
[Round "6"]
[White "Ersoz, Teoman Guney"]
[Black "Binboga, Yaman"]
[Result "0-1"]
[ECO "B75"]
[WhiteElo "1691"]
[BlackElo "1641"]
[Annotator "NA RC COMBH"]
[PlyCount "48"]
[EventDate "2023.01.17"]
[EventType "swiss"]
[EventCountry "TUR"]
[SourceTitle "playchess.com"]
[Source "ChessBase"]
[SourceQuality "1"]
[TimeControl "5400+30"]

1. e4 c5 2. Nf3 d6 3. d4 cxd4 4. Nxd4 Nf6 5. Nc3 g6 6. Be3 Bg7 7. f3 a6 8. Qd2 Nbd7 9. O-O-O b5 10. h4 Bb7 11. g4 b4 12. Nce2 Qa5 13. Kb1 Ne5 14. Nb3 Qa4 15. Ned4 Nxf3 16. Nxf3 Nxe4 17. Qe1 Bxb2 18. Bd4 Nc3+ 19. Bxc3 Bxc3 20. Nfd2 Bxh1 21. Qe3 Bd5 22. Ne4 Bxe4 23. Qxe4 O-O 24. Rd3 Qa3 0-1

[Event "TUR-ch U13-18 Open 2023"]
[Site "Antalya"]
[Date "2023.01.25"]
[Round "6"]
[White "Aksu, Ata Anil"]
[Black "Engin, Onur Cinar"]
[Result "1/2-1/2"]
[ECO "B15"]
[WhiteElo "1680"]
[BlackElo "1990"]
[Annotator "TA"]
[PlyCount "106"]
[EventDate "2023.01.17"]
[EventType "swiss"]
[EventCountry "TUR"]
[SourceTitle "playchess.com"]
[Source "ChessBase"]
[SourceQuality "1"]
[TimeControl "5400+30"]

1. e4 c6 2. d4 d5 3. Nc3 dxe4 4. Nxe4 Nf6 5. Nxf6+ exf6 6. Be3 Bd6 {[%emt 0:04:30] B15: Caro-Kann: 3 Nc3: 3...g6 and 3...dxe4 4 Nxe4 Nf6 5 Nxf6+ exf6.} 7. Bc4 Nd7 {[%emt 0:04:30] [#]} 8. Qg4 $146 (8. Bd3 $11) ({Predecessor:} 8. Qh5 Qe7 9. Ne2 Nb6 10. Bb3 a5 11. a4 O-O 12. O-O Be6 13. Bxe6 fxe6 14. Nc3 {1-0 Marino,M (1858)-Falsetti,P (1551) Milan Crespi op-B 28th 2007 (6)}) 8... O-O $15 {[%emt 0:04:30] Black is slightly better.} 9. Qf3 (9. Bh6 Re8+ 10. Ne2 Bf8 $17) 9... Nb6 10. Bb3 a5 11. c3 (11. a4 $15) 11... a4 $17 12. Bc2 Re8 {[%emt 0:05:30] Strongly threatening ...Be6.} 13. Ne2 Nc4 14. Bc1 Be6 $36 {[%emt 0:10:30][%mdl 2048] Black is in control.} 15. Qd3 (15. O-O $142) 15... g6 16. O-O b5 {[%emt 0:01:30][%cal Oc4b2] Threatens to win with ...Nxb2!} 17. Ng3 f5 18. Qd1 h5 ({Black should play} 18... Qh4 $19 {aiming for ...Bd5.} 19. Rb1 Nb6) 19. Rb1 (19. Re1 $17) 19... h4 $19 20. Ne2 {[%emt 0:00:30] [#]} h3 $1 {[%emt 0:01:30][%mdl 512] White must now prevent ...hxg2.} 21. g3 Bd5 {[%emt 0:06:30][%cal Be6d5,Bd5g2,Bg2f3][%mdl 32] White is weak on the light squares} 22. Nf4 Bxf4 23. Bxf4 Bg2 (23... g5 24. Bc1 $11 (24. Qh5 $2 gxf4 25. Qxf5 Nd2 $19)) 24. Re1 (24. Bd3 $142) 24... Qd5 25. Bd3 Bf3 $1 26. Rxe8+ Rxe8 27. Qf1 Bg2 28. Qd1 (28. Bxc4 $2 bxc4 29. Re1 Bxf1 $19) 28... Be4 29. Bxe4 Qxe4 ({Stronger than} 29... Rxe4 30. f3 Re6 31. Kf2 $17) 30. Qf1 {[%emt 0:00:30] Prevents Qg2+} f6 {[%emt 0:00:25] ...g5 is the strong threat.} 31. b3 axb3 32. axb3 {[%emt 0:00:30] [#]} Nb6 (32... Na3 $1 $17 33. Ra1 Nc2) 33. c4 $11 g5 ({Resist} 33... Qxd4 34. Qxh3 Qd7 35. Be3 $14) 34. Bd2 Qc2 35. Re1 {[%emt 0:00:30] [#]} (35. Ba5 $11 {remains equal.} Nd7 36. Rc1) 35... Re4 ({Black should try} 35... Rxe1 $1 $17 36. Qxe1 Kf7) 36. Rxe4 {[%emt 0:01:37] The position is equal.} Qxe4 37. Qxh3 {[%emt 0:00:39][%mdl 4096] Endgame KQB-KQN} Qb1+ ({Much less strong is} 37... Qxd4 38. Be3 Qd1+ 39. Qf1 Qxf1+ 40. Kxf1 $14) 38. Qf1 Qxf1+ 39. Kxf1 bxc4 40. bxc4 Nxc4 {[%emt 0:00:23] KB-KN} 41. Bb4 g4 42. Kg2 Kf7 43. h4 gxh3+ 44. Kxh3 Ke6 45. Kg2 Kd5 46. Be7 Ke6 47. Bb4 Nd6 48. Kf3 Ne4 49. Ke3 Ng5 50. Ba3 Ne4 51. Bb4 Ng5 52. Ba3 Ne4 53. Bb4 Nc5 $2 {[%emt 0:00:30][%mdl 40960] Quite a comeback for White.   Weighted Error Value: White=0.16 (very precise) /Black=0.13 (very precise) . An unexpected result.} 1/2-1/2

[Event "TUR-ch U13-18 Open 2023"]
[Site "Antalya"]
[Date "2023.01.25"]
[Round "6"]
[White "Yaman, Omer Yigit"]
[Black "Bektas, Cagan Erdem"]
[Result "0-1"]
[ECO "B26"]
[WhiteElo "1565"]
[BlackElo "1752"]
[Annotator "NA RC COMBH"]
[PlyCount "84"]
[EventDate "2023.01.17"]
[EventType "swiss"]
[EventCountry "TUR"]
[SourceTitle "playchess.com"]
[Source "ChessBase"]
[SourceQuality "1"]
[TimeControl "5400+30"]

1. e4 c5 2. Nc3 d6 3. g3 g6 4. Bg2 Bg7 5. d3 Nc6 6. Be3 Rb8 7. Qd2 b5 8. Nge2 Nd4 9. O-O b4 10. Nd1 a5 11. Nc1 e6 12. c3 Nc6 13. Ne2 h6 14. f4 Nge7 15. Nf2 Ba6 16. g4 c4 17. d4 d5 18. f5 gxf5 19. gxf5 exf5 20. exf5 Nxf5 21. Ng4 Nce7 22. Ng3 Nxg3 23. hxg3 Rb6 24. Rae1 Rg6 25. Qf2 O-O 26. Qf4 Bc8 27. Ne5 Bxe5 28. dxe5 Be6 29. Bc5 Kh7 30. Qh4 Nf5 31. Rxf5 Bxf5 32. Bxf8 Qxf8 33. Rf1 Be6 34. Rf6 Qg7 35. Kh2 Rg4 36. Qh5 Rxg3 37. Qe2 bxc3 38. Qc2+ Rd3 39. bxc3 Qg3+ 40. Kg1 Kg7 41. Rf2 Rxc3 42. Qd2 Qe3 0-1

[Event "TUR-ch U13-18 Open 2023"]
[Site "Antalya"]
[Date "2023.01.25"]
[Round "6"]
[White "Ozen, Mehmet Safa"]
[Black "Hatirli, Ugur Can"]
[Result "0-1"]
[ECO "D58"]
[WhiteElo "1536"]
[BlackElo "1989"]
[Annotator "TA"]
[PlyCount "90"]
[EventDate "2023.01.17"]
[EventType "swiss"]
[EventCountry "TUR"]
[SourceTitle "playchess.com"]
[Source "ChessBase"]
[SourceQuality "1"]
[TimeControl "5400+30"]

1. Nf3 Nf6 2. d4 e6 3. c4 d5 4. Nc3 Be7 5. Bg5 Nbd7 6. e3 h6 7. Bh4 O-O 8. Bd3 dxc4 9. Bxc4 b6 10. O-O Bb7 11. Qe2 c5 {[%emt 0:07:30] D58: Queen's Gambit Declined: Tartakower Defence.} 12. Rfd1 Ne4 13. Bxe7 (13. Nxe4 $14 Bxe4 14. Bg3) 13... Qxe7 $11 {[%emt 0:00:00] The position is equal.} 14. Nxe4 Bxe4 15. Rac1 cxd4 16. Rxd4 Nf6 {[%emt 0:04:30] [#]} 17. Rcd1 $146 ({Predecessor:} 17. Ba6 Rad8 18. Rcd1 Rxd4 19. Rxd4 Rd8 20. Qd1 Rxd4 21. Qxd4 Qc7 22. h3 Bd5 23. a3 Qc1+ 24. Bf1 Ne4 25. Ne5 Nd2 26. Qd3 Qxb2 27. f3 Nxf1 {0-1 Galvan,J (2171)-Roa Alonso,S (2358) Collado Villalba op 17th 2000 (5)}) 17... Rac8 18. Bb3 Qb7 19. Ne1 a5 20. f3 Bc6 21. Qd2 e5 22. Rd6 e4 23. f4 a4 24. Bc2 b5 25. a3 Rfe8 26. Bb1 {[%emt 0:00:16] [#]} (26. h3 $11 {keeps the balance.}) 26... Bd5 $1 $17 27. Nc2 (27. Rxd5 $2 {too greedy.} Nxd5 28. Qxd5 Qxd5 29. Rxd5 Rc1 30. Bxe4 Rxe4 $19) 27... Bb3 28. Re1 {[%emt 0:01:17] White is weak on the light squares} Qc7 29. Nb4 Qc4 ({Black should try} 29... Rcd8 $15 30. Rxd8 Rxd8) 30. Rd4 Qe6 31. Bc2 Bc4 32. h3 Qf5 33. Rc1 {[%emt 0:00:32][%cal Oc2a4] White wants to play Bxa4!} h5 (33... Be6 $11) 34. Bxa4 $1 $16 {[%emt 0:00:41][%mdl 64] Deflection} g5 (34... Be6 $16) 35. fxg5 {[%emt 0:00:46][%mdl 64] Deflection} Qxg5 36. Qf2 $2 (36. Rdxc4 $18 Rxc4 37. Rxc4 {[%mdl 64] Pin}) 36... Be6 $11 37. Rxc8 Bxc8 $4 {[%emt 0:01:30][%mdl 8192] [#]} (37... Rxc8 $11 38. Bc2 Bxh3) 38. Bxb5 $1 $18 {[%emt 0:00:19][%mdl 576] Deflection} Re5 39. Bf1 (39. h4 $18 {and White stays clearly on top.} Qf5 40. a4) 39... Rf5 (39... Bxh3 $16 {was necessary.} 40. Qf4 Be6) 40. Qd2 {[%emt 0:00:12] Threatens to win with Rd8+.} Be6 41. Rd8+ (41. Nc2 $16) 41... Kg7 (41... Kh7 $14) 42. Rd6 $2 (42. Nc2 $18) 42... Rf3 $11 43. Rc6 {[%emt 0:00:38] [#]} (43. Nc2 $11 {remains equal.} Rxh3 44. Qe1) 43... Rxh3 {[%emt 0:00:30] Black has more active pieces.} (43... h4 $1 $17 44. Ra6 Bxh3) 44. Rc5 $2 Qg3 $19 ({Not} 44... Qxc5 45. gxh3 Kf8 46. Nc2 $16) ({Stronger than} 44... Qxe3+ 45. Qxe3 Rxe3 46. Nc2 $11) 45. Qf2 {[%emt 0:00:30] Hoping for Qxg3+.} Qh2# {[%emt 0:00:30] Weighted Error Value: White=0.59/Black=0.35} 0-1

[Event "TUR-ch U13-18 Open 2023"]
[Site "Antalya"]
[Date "2023.01.25"]
[Round "6"]
[White "Akkaya, Atakan"]
[Black "Hasirci, Ozgur Deniz"]
[Result "1-0"]
[ECO "B27"]
[WhiteElo "1506"]
[BlackElo "1773"]
[Annotator "NA RC COMBH"]
[PlyCount "93"]
[EventDate "2023.01.17"]
[EventType "swiss"]
[EventCountry "TUR"]
[SourceTitle "playchess.com"]
[Source "ChessBase"]
[SourceQuality "1"]
[TimeControl "5400+30"]

1. e4 c5 2. Nf3 g6 3. d4 cxd4 4. Qxd4 Nf6 5. Nc3 Nc6 6. Qa4 d6 7. e5 dxe5 8. Nxe5 Qd4 9. Nxc6 Qxa4 10. Nxa4 bxc6 11. Be3 Bg7 12. O-O-O O-O 13. Bc4 Nd5 14. Bg5 Bf5 15. Rhe1 e6 16. Bd3 Rab8 17. Bxf5 gxf5 18. c4 Nf6 19. f3 Rfd8 20. b3 Kf8 21. Be3 a6 22. Bf4 Ra8 23. Nb6 Rxd1+ 24. Rxd1 Re8 25. Rd6 Nh5 26. Bg5 h6 27. Be3 e5 28. Rxc6 e4 29. Rc8 Rxc8 30. Nxc8 Be5 31. fxe4 fxe4 32. Bxh6+ Ke8 33. g3 Bc7 34. Be3 Kd7 35. Nb6+ Bxb6 36. Bxb6 Nf6 37. Kd2 Ng4 38. h3 Ne5 39. Bd4 Nc6 40. Ke3 f5 41. Bc3 Ke6 42. h4 Kf7 43. h5 Kg8 44. Kf4 Kh7 45. Kxf5 e3 46. Ke4 e2 47. Ke3 1-0

[Event "TUR-ch U13-18 Open 2023"]
[Site "Antalya"]
[Date "2023.01.25"]
[Round "6"]
[White "Torun, Kagan"]
[Black "Celik, Ege Yigit"]
[Result "0-1"]
[ECO "B33"]
[WhiteElo "1442"]
[BlackElo "1891"]
[Annotator "NA RC COMBH"]
[PlyCount "102"]
[EventDate "2023.01.17"]
[EventType "swiss"]
[EventCountry "TUR"]
[SourceTitle "playchess.com"]
[Source "ChessBase"]
[SourceQuality "1"]
[TimeControl "5400+30"]

1. e4 c5 2. Nc3 Nc6 3. Nf3 Nf6 4. d4 cxd4 5. Nxd4 Qb6 6. Nb3 e6 7. Be3 Qc7 8. a3 a6 9. f4 d6 10. g4 {[%emt 0:01:30] now supersedes 10.Be2.} Be7 {[%emt 0:04:30] [#]} 11. a4 $146 ({Predecessor:} 11. g5 Nd7 12. Qd2 b5 13. O-O-O Rb8 14. Kb1 b4 15. axb4 Nxb4 16. Nb5 axb5 17. Qxb4 {0-1 Hernandez Gonzalez,W (2414)-Miranda Mesa,E (2438) Remberto Fernandez Premier2 11th 2018 (9)}) 11... b6 12. Bg2 Bb7 13. Qe2 Rc8 14. O-O Nb4 (14... h6 $11 {keeps the balance.}) 15. g5 Nd7 16. Qf2 O-O 17. Nd4 Rfe8 {[%emt 0:21:30] [#]} 18. h4 ({White should play} 18. f5 $1 $16 e5 19. Nb3) 18... Bf8 19. Nf3 e5 20. Bh3 $11 exf4 21. Nd4 Nc5 22. Qxf4 Rcd8 23. Bg2 g6 24. Rf2 Bg7 25. Raf1 Re7 26. Nd5 Nxd5 27. exd5 Rde8 28. Bc1 Ne4 29. Ne6 fxe6 30. Qxe4 Bxd5 31. Qg4 Bxg2 32. Kxg2 Qc6+ 33. Kg1 Qc5 34. c3 d5 35. h5 gxh5 36. Qxh5 d4 37. Qg4 dxc3 38. bxc3 Rf8 39. Kg2 Rxf2+ 40. Rxf2 Qxc3 41. Qe4 Qc8 42. g6 hxg6 43. Qf4 Qb7+ 44. Kh2 Qc7 45. Qxc7 Rxc7 46. Be3 b5 47. a5 b4 48. Bb6 Rc4 49. Rf1 b3 50. Rb1 b2 51. Be3 Ra4 0-1